 Dungeon Crawl Stone Soup version 0.31-a0-361-g0f8bd3a31e (webtiles) character file.

Game seed: 4108609355396397152

31 AdnanSaban the Covered (level 3, 0/23 HPs)
             Began as a Gargoyle Fighter on July 27, 2023.
             Slain by a goblin
             ... wielding a +0 club
             ... led by Robin
              (3 damage)
             ... on level 2 of the Dungeon.
             The game lasted 00:00:49 (761 turns).

AdnanSaban the Covered (Gargoyle Fighter)            Turns: 761, Time: 00:00:49

Health: 0/23       AC: 10    Str: 21    XL:     3   Next: 22%
Magic:  3/3        EV:  9    Int:  8    God:
Gold:   72         SH:  4    Dex:  9    Spells: 2/2 levels left

rFire   . . .        a - +0 flail
rCold   . . .        c - +0 buckler
rNeg    + . .        b - +0 scale mail
rPois   ∞            (no helmet)
rElec   +            (no cloak)
rCorr   .            (no gloves)
SInv    .            (no boots)
Will    .....        (no amulet) Stlth
                     (no ring)
HPRegen 0.23/turn    (no ring)
MPRegen 0.08/turn

%: no passive effects
@: no status effects
A: sickness immunity, AC +3, negative energy resistance 1, electricity
resistance, torment resistance 1, petrification resistance
a: no special abilities


You were on level 2 of the Dungeon.
You visited 1 branch of the dungeon, and saw 2 of its levels.

You collected 72 gold pieces.

Inventory:

Hand Weapons
 a - a +0 flail (weapon)
Missiles
 e - 6 poisoned darts (quivered)
Armour
 b - a +0 scale mail (worn)
 c - a +0 buckler (worn)
Scrolls
 f - a scroll of acquirement {unknown}
 g - a scroll of teleportation {unknown}
 k - a scroll of amnesia {unknown}
Potions
 d - a potion of might
 h - a potion of attraction {unknown}
 i - 2 potions of lignification {unknown}
 j - a potion of curing {unknown}


   Skills:
 + Level 3.6 Fighting
 + Level 2.2 Maces & Flails
 + Level 3.8 Armour
 + Level 3.7 Shields


You had 2 spell levels left.
You didn't know any spells.
Your spell library contained the following spells:

 Spells                   Type           Power      Damage    Failure   Level
 Wereblood                Tmut           0%         N/A       91%         2
 Irradiate                Conj/Tmut      0%         3d11      100%        5


Dungeon Overview and Level Annotations

Branches:
Dungeon (2/15)

Altars:

Annotations:
D:2 Robin


Innate Abilities, Weirdness & Mutations

You are immune to sickness and miasma.
Your stone body is resilient. (AC +3)
You are immune to poison.
You resist negative energy. (rN+)
You are resistant to electric shocks. (rElec)
You are resistant to unholy torment.
You are immune to petrification.


Message History

You closely miss the goblin. You block the goblin's attack. x2
You closely miss the goblin.
Robin roars a battlecry!
The goblins go into a battle-frenzy!
The goblin hits you with a +0 dagger. The goblin barely misses you.
The goblin misses you. The goblin hits you but does no damage.
You completely miss the goblin. You block the goblin's attack.
The goblin hits you with a +0 club.
Unknown command.
You barely miss the goblin. The goblin closely misses you.
The goblin hits you but does no damage.
You closely miss the goblin. The goblin hits you with a +0 dagger.
The goblin hits you with a +0 club. The goblin hits you with a +0 dagger.
The goblin hits you with a +0 club.
You miss the goblin. The goblin closely misses you.
The goblin hits you but does no damage.
Unknown command.
You sock the goblin!
You kill the goblin!
The goblin barely misses you. The goblin attacks as you move away!
The goblin hits you but does no damage. Robin throws the goblin at you!
The goblin barely misses you.
Things that are here:
a +0 dagger; a +0 club; a goblin corpse You closely miss the goblin.
The goblin completely misses you. The goblin hits you but does no damage.
The goblin hits you with a +0 club.
* * * LOW HITPOINT WARNING * * *
The goblin closely misses you.
You barely miss the goblin. The goblin hits you with a +0 club.
* * * LOW HITPOINT WARNING * * *
The goblin hits you but does no damage.
You barely miss the goblin.
The hobgoblin no longer looks unusually strong.
You block the goblin's attack. The goblin hits you but does no damage.
You barely miss the goblin.
The goblin no longer looks unusually strong. x2
Robin roars a battlecry!
The goblins go into a battle-frenzy!
The goblin closely misses you. x2; The goblin hits you with a +0 club.
You die... #####...####.........####...## ...........+.$.......+.......# #####...####.........####...## #..## ....... ##>## #.## .gggg #.# #.# ggg

#.# #.# #g# #.#
####.##### #g# #.#
#........# #@# #.
#.##.###.# ##g## #.##.#
#.# ##...#####
#.##.###.####..........
#.##........##....#####
#.######.##.......# #.#
#.######.### #.# #.#
#.# #.. ..# #.#


You could see Robin, 2 hobgoblins and 6 goblins.

Vanquished Creatures
  4 dart slugs (D:1)
  2 ball pythons (D:1)
  2 endoplasms (D:1)
  A giant cockroach (D:1)
  6 goblins
  2 bats (D:1)
  3 frilled lizards (D:1)
  3 kobolds (D:1)
23 creatures vanquished.

Notes
Turn   | Place    | Note
-------+----------+-------------------------------------------
     0 | D:1      | AdnanSaban the Gargoyle Fighter began the quest for the
                  | Orb.
     0 | D:1      | Reached XP level 1. HP: 14/14 MP: 1/1
    85 | D:1      | Reached XP level 2. HP: 6/19 MP: 2/2
   407 | D:1      | Reached XP level 3. HP: 23/23 MP: 3/3
   745 | D:2      | Noticed Robin
   761 | D:2      | Slain by a goblin

Illustrated notes

Levels and vault maps discovered:
D:1:      evilmike_arrival_crescent, layout_rooms,
          nicolae_twisty_statue_hallways
D:2:      layout_loops_corners, serial_shops, shop_fountains, uniq_robin

Action                     || total
---------------------------++-------
  Melee: Flail             ||    75
 Armour: Scale mail        ||    60
  Dodge: Dodged            ||    32
  Block: Buckler           ||    16

Table legend: (Time is in decaauts)
 A = Elapsed time spent in this place.
 B = Non-inter-level travel time spent in this place.
 C = Inter-level travel time spent in this place.
 D = Time resting spent in this place.
 E = Time spent auto-exploring this place.
 F = Levels seen in this place.
 G = Mean time per level.
                   A        B        C        D        E       F      G
               +--------+--------+--------+--------+--------+-----+--------+
         Total |    786 |    771 |     15 |      0 |    596 |   2 |  393.0 |
       Dungeon |    786 |    771 |     15 |      0 |    596 |   2 |  393.0 |
               +--------+--------+--------+--------+--------+-----+--------+

Top non-repeatable levels by time:
     D:1: 642 daAuts
     D:2: 144 daAuts
